[Event "106th British-ch Major 2019"]
[Site "Torquay"]
[Date "2019.07.29"]
[Round "3.24"]
[White "Pink, Joshua"]
[Black "Renshaw, Lucas"]
[Result "1-0"]
[ECO "A03"]
[WhiteElo "1907"]
[BlackElo "1596"]
[Annotator "NA"]
[PlyCount "132"]
[EventDate "2019.07.27"]
[EventType "swiss"]
[EventCountry "GBR"]
[SourceTitle "playchess.com"]
[Source "ChessBase"]
[SourceQuality "1"]
[TimeControl "40/5400+30:1800+30"]

1. f4 d5 2. Nf3 c5 3. e3 Nc6 4. Be2 Nf6 5. d3 e6 6. O-O Bd6 7. Nc3 e5 8. fxe5 Nxe5 9. Nxe5 Bxe5 10. d4 cxd4 11. exd4 Qb6 12. Bb5+ Bd7 13. Re1 O-O-O 14. Rxe5 Bxb5 15. Bg5 Bc6 16. Rb1 Rhe8 17. Rxe8 Rxe8 18. Bxf6 gxf6 19. Qd3 Re6 20. b4 Rd6 21. a4 Bd7 22. a5 Qc7 23. a6 Qc4 24. axb7+ Kxb7 25. Qxc4 dxc4 26. Rd1 Bf5 27. Rd2 Rb6 28. Nd5 Rb5 29. Ne3 c3 30. Rf2 Bg6 31. Rxf6 Rxb4 32. d5 Rb6 33. d6 Rb2 34. Nd5 Kc6 35. Nxc3 Rxc2 36. Nd5 Rd2 37. Ne7+ Kd7 38. Nxg6 fxg6 39. Rf7+ Kxd6 40. Rxa7 Rd1+ 41. Kf2 Rd3 42. Rxh7 Ke6 43. Rh4 Kf5 44. Rb4 Ra3 45. h3 Rc3 46. Rb5+ Ke4 47. Rg5 Rc6 48. Kg3 Rc3+ 49. Kg4 Rc6 50. Ra5 Rc2 51. g3 Rc6 52. h4 Rd6 53. Kg5 Rc6 54. g4 Rd6 55. h5 gxh5 56. Kxh5 Rd1 57. g5 Rh1+ 58. Kg6 Rg1 59. Kf6 Rf1+ 60. Kg7 Rg1 61. g6 Rg3 62. Kf7 Rf3+ 63. Kg8 Rg3 64. g7 Rg1 65. Kh7 Rh1+ 66. Kg6 Rb1 1-0

[Event "106th British-ch Major 2019"]
[Site "Torquay"]
[Date "2019.07.29"]
[Round "3.25"]
[White "Lovell, William Pm"]
[Black "Nayak, Raghav"]
[Result "0-1"]
[ECO "A25"]
[WhiteElo "1777"]
[BlackElo "1906"]
[Annotator "NA"]
[PlyCount "74"]
[EventDate "2019.07.27"]
[EventType "swiss"]
[EventCountry "GBR"]
[SourceTitle "playchess.com"]
[Source "ChessBase"]
[SourceQuality "1"]
[TimeControl "40/5400+30:1800+30"]

1. c4 e5 2. g3 Nc6 3. Bg2 f5 4. Nc3 Nf6 5. d3 Bb4 6. Bd2 Bc5 7. e3 O-O 8. Nge2 Qe8 9. O-O d6 10. a3 f4 11. exf4 Qh5 12. Ne4 Nxe4 13. dxe4 Bg4 14. Re1 Nd4 15. h3 Bxe2 16. g4 Bxd1 17. gxh5 Nf3+ 18. Bxf3 Bxf3 19. fxe5 Bxh5 20. Be3 Bxe3 21. Rxe3 dxe5 22. Rd3 Rad8 23. Rd5 Rfe8 24. Kg2 c6 25. Rxd8 Rxd8 26. Rc1 Rd2 27. b4 Kf7 28. Rc3 Ke6 29. Kg3 Be2 30. c5 Rd3+ 31. Rxd3 Bxd3 32. Kf3 h5 33. h4 Kf6 34. Ke3 Bb1 35. f4 g6 36. Kf3 Bc2 37. Ke3 Bd1 0-1

[Event "106th British-ch Major 2019"]
[Site "Torquay"]
[Date "2019.07.29"]
[Round "3.26"]
[White "Salmons, Calum"]
[Black "Liu, Jack"]
[Result "1/2-1/2"]
[ECO "B44"]
[WhiteElo "1898"]
[BlackElo "1259"]
[Annotator "NA"]
[PlyCount "95"]
[EventDate "2019.07.27"]
[EventType "swiss"]
[EventCountry "GBR"]
[SourceTitle "playchess.com"]
[Source "ChessBase"]
[SourceQuality "1"]
[TimeControl "40/5400+30:1800+30"]

1. e4 e6 2. Nf3 c5 3. d4 cxd4 4. Nxd4 Nc6 5. Be3 Nf6 6. f3 Be7 7. Be2 O-O 8. O-O d5 9. Nxc6 bxc6 10. e5 Nd7 11. f4 c5 12. c3 f6 13. exf6 Nxf6 14. Nd2 Bd6 15. Nb3 Qc7 16. Bg4 Ne4 17. g3 Qe7 18. f5 Bd7 19. Bf4 Rac8 20. fxe6 Bxe6 21. Bxe6+ Qxe6 22. Bxd6 Qxd6 23. Qe2 Rce8 24. Rxf8+ Rxf8 25. Rd1 Nf6 26. Qe3 Rc8 27. Re1 Ne4 28. Rd1 Nf6 29. Re1 Ne4 30. Nc1 Rb8 31. Re2 Rf8 32. Nd3 Qf6 33. Re1 Qd6 34. Nf4 Re8 35. Qf3 Rf8 36. Qd3 Nf6 37. Re6 Qd7 38. Qa6 Re8 39. Rxe8+ Qxe8 40. Qe6+ Qxe6 41. Nxe6 c4 42. h3 Kf7 43. Nc7 Ke7 44. Kf2 Kd7 45. Nb5 a6 46. Nd4 Ne4+ 47. Kf3 Nc5 48. b3 1/2-1/2

[Event "106th British-ch Major 2019"]
[Site "Torquay"]
[Date "2019.07.29"]
[Round "3.27"]
[White "Robertson, Jim"]
[Black "Morgan, Jamie"]
[Result "1-0"]
[ECO "A45"]
[WhiteElo "1580"]
[BlackElo "1894"]
[Annotator "NA"]
[PlyCount "69"]
[EventDate "2019.07.27"]
[EventType "swiss"]
[EventCountry "GBR"]
[SourceTitle "playchess.com"]
[Source "ChessBase"]
[SourceQuality "1"]
[TimeControl "40/5400+30:1800+30"]

1. d4 Nf6 2. e3 g6 3. f4 Bg7 4. Nf3 d6 5. Bc4 O-O 6. c3 Nc6 7. O-O e5 8. dxe5 dxe5 9. fxe5 Qxd1 10. Rxd1 Ng4 11. e4 Ncxe5 12. Nxe5 Nxe5 13. Be2 Bg4 14. Bxg4 Nxg4 15. Bf4 Rad8 16. Na3 Be5 17. Bxe5 Nxe5 18. Rd5 Nd3 19. Rd1 Rxd5 20. exd5 Nxb2 21. Rb1 Nd3 22. Rxb7 Re8 23. h3 Re2 24. Rxc7 Nf4 25. c4 Rxg2+ 26. Kf1 Rxa2 27. Rxa7 Kg7 28. Nb5 Rxa7 29. Nxa7 f5 30. Nb5 Kf6 31. d6 Nxh3 32. c5 Nf4 33. c6 Nd5 34. c7 Nb6 35. d7 1-0

[Event "106th British-ch Major 2019"]
[Site "Torquay"]
[Date "2019.07.29"]
[Round "3.28"]
[White "Gardiner, Eric D"]
[Black "Sheikh, Anum"]
[Result "1-0"]
[ECO "B22"]
[WhiteElo "1957"]
[BlackElo "1693"]
[Annotator "NA"]
[PlyCount "125"]
[EventDate "2019.07.27"]
[EventType "swiss"]
[EventCountry "GBR"]
[SourceTitle "playchess.com"]
[Source "ChessBase"]
[SourceQuality "1"]
[TimeControl "40/5400+30:1800+30"]

1. e4 c5 2. c3 d5 3. exd5 Nf6 4. d4 Qxd5 5. Nf3 e6 6. Be2 Nc6 7. O-O Be7 8. c4 Qd7 9. dxc5 Bxc5 10. Nc3 O-O 11. a3 Nd4 12. Nxd4 Bxd4 13. Nb5 e5 14. Nxd4 exd4 15. b4 b6 16. Bf3 Bb7 17. Bxb7 Qxb7 18. Qxd4 Rfd8 19. Qh4 Ne4 20. Be3 Rac8 21. Rfd1 f6 22. f3 Nd6 23. c5 Nf5 24. Qc4+ Kh8 25. Bf2 bxc5 26. bxc5 Qc6 27. Qc2 Ne7 28. Rxd8+ Rxd8 29. Re1 Qd7 30. Bg3 Nc6 31. Bd6 Rc8 32. Qe4 h6 33. h3 Qb7 34. Rb1 Qf7 35. a4 f5 36. Qd3 Qd7 37. Re1 Qf7 38. Qe3 Qd5 39. Qe6 Qxe6 40. Rxe6 Kg8 41. Kf2 Kf7 42. Re1 Rd8 43. Rb1 Rd7 44. Ke2 Ke6 45. Kd3 Kd5 46. Kc3 g6 47. Rd1+ Ke6 48. Kc4 Rb7 49. Re1+ Kf7 50. Re2 h5 51. f4 Rb1 52. Be5 Rb7 53. Bc3 Ne7 54. Rd2 Nc8 55. Rd8 Ne7 56. Rd6 Ke8 57. c6 Rc7 58. Kc5 Kf7 59. Ba5 Rc8 60. c7 Ke8 61. Rd8+ Kf7 62. Kd6 Kf6 63. Kd7 1-0

[Event "106th British-ch Major 2019"]
[Site "Torquay"]
[Date "2019.07.29"]
[Round "3.29"]
[White "Sheerin, Alex"]
[Black "Balaji, Aaravamudhan"]
[Result "1/2-1/2"]
[ECO "B07"]
[WhiteElo "1845"]
[BlackElo "2034"]
[Annotator "NA"]
[PlyCount "134"]
[EventDate "2019.07.27"]
[EventType "swiss"]
[EventCountry "GBR"]
[SourceTitle "playchess.com"]
[Source "ChessBase"]
[SourceQuality "1"]
[TimeControl "40/5400+30:1800+30"]

1. d4 Nf6 2. Nc3 g6 3. Bf4 Bg7 4. e4 d6 5. Qd2 c6 6. O-O-O b5 7. f3 b4 8. Nce2 a5 9. Bh6 Bxh6 10. Qxh6 Qb6 11. Nf4 Ba6 12. Ngh3 Nbd7 13. Bxa6 Qxa6 14. Rhe1 e5 15. dxe5 dxe5 16. Nd3 O-O-O 17. Qe3 Rhe8 18. Nhf2 Qb6 19. Qxb6 Nxb6 20. Nc5 Nc4 21. Nfd3 Nd7 22. Nxd7 Rxd7 23. Nc5 Rdd8 24. Rd3 Rxd3 25. cxd3 Nd6 26. Kc2 Nb5 27. Kb3 Nd4+ 28. Kc4 Nb5 29. Rd1 Kc7 30. Kb3 Rd8 31. a3 Nd4+ 32. Kc4 bxa3 33. bxa3 Nb5 34. a4 Nd6+ 35. Kc3 Kb6 36. Nb3 Nb7 37. Rb1 Kc7 38. Rd1 Rd7 39. Rd2 h5 40. g3 g5 41. d4 exd4+ 42. Rxd4 Re7 43. Rc4 Kb6 44. Rd4 Kc7 45. Rc4 g4 46. fxg4 hxg4 47. Kd3 Nd6 48. Rd4 Re5 49. Nd2 Nb7 50. Ke3 Rh5 51. Kf4 Rxh2 52. Kxg4 Nc5 53. Nc4 Nb3 54. Rd3 Nc5 55. Rf3 Re2 56. Rxf7+ Kd8 57. Nxa5 Rxe4+ 58. Kf5 Rxa4 59. Nxc6+ Ke8 60. Rf6 Ra1 61. Kg4 Rg1 62. Rf5 Nd7 63. Kh4 Rc1 64. Nd4 Rc5 65. Rxc5 Nxc5 66. g4 Ne4 67. g5 Nxg5 1/2-1/2

[Event "106th British-ch Major 2019"]
[Site "Torquay"]
[Date "2019.07.29"]
[Round "3.30"]
[White "Ruane, Brendan J"]
[Black "Wilson, Matthew R"]
[Result "1-0"]
[ECO "C30"]
[WhiteElo "1904"]
[BlackElo "1817"]
[Annotator "NA"]
[PlyCount "73"]
[EventDate "2019.07.27"]
[EventType "swiss"]
[EventCountry "GBR"]
[SourceTitle "playchess.com"]
[Source "ChessBase"]
[SourceQuality "1"]
[TimeControl "40/5400+30:1800+30"]

1. e4 e5 2. Nc3 Nf6 3. Bc4 Nc6 4. d3 Bc5 5. f4 d6 6. Nf3 Ng4 7. Qe2 Bf2+ 8. Kf1 Nd4 9. Nxd4 Bxd4 10. f5 h5 11. Nd1 g6 12. c3 Bb6 13. h3 Nh6 14. g4 Qh4 15. Qf3 gxf5 16. gxf5 Bd7 17. Be3 Bxe3 18. Nxe3 O-O-O 19. Ke2 Rhg8 20. Rhg1 Rg5 21. Qf2 Qxf2+ 22. Kxf2 Rdg8 23. Rxg5 Rxg5 24. Rg1 Rxg1 25. Kxg1 c6 26. Kf2 f6 27. Kg3 Be8 28. Kh4 Kd8 29. Bb3 Nf7 30. Kxh5 Ke7 31. a3 b5 32. Bxf7 Bxf7+ 33. Kh6 Ba2 34. Kg7 Bb1 35. h4 Bxd3 36. h5 Bxe4 37. h6 1-0

[Event "106th British-ch Major 2019"]
[Site "Torquay"]
[Date "2019.07.29"]
[Round "3.31"]
[White "Forster, James Connor C"]
[Black "Paulden, Tim"]
[Result "1/2-1/2"]
[ECO "A42"]
[WhiteElo "1831"]
[BlackElo "1902"]
[Annotator "NA"]
[PlyCount "47"]
[EventDate "2019.07.27"]
[EventType "swiss"]
[EventCountry "GBR"]
[SourceTitle "playchess.com"]
[Source "ChessBase"]
[SourceQuality "1"]
[TimeControl "40/5400+30:1800+30"]

1. d4 g6 2. c4 Bg7 3. Nc3 d6 4. e4 e5 5. Nf3 Nc6 6. Be3 Bg4 7. d5 Nd4 8. Be2 Nxe2 9. Qxe2 h5 10. h3 Bd7 11. Nd2 b6 12. O-O g5 13. Kh2 f6 14. b4 Nh6 15. c5 Nf7 16. Nc4 Bf8 17. cxb6 cxb6 18. Rac1 Be7 19. Na3 Qb8 20. Ncb5 Bd8 21. Rc2 a6 22. Nc3 b5 23. Nab1 Bb6 24. Rfc1 1/2-1/2

[Event "106th British-ch Major 2019"]
[Site "Torquay"]
[Date "2019.07.29"]
[Round "3.32"]
[White "Hilton, Tim"]
[Black "Howell, Oliver W"]
[Result "1/2-1/2"]
[ECO "D00"]
[WhiteElo "1892"]
[BlackElo "1797"]
[Annotator "NA"]
[PlyCount "34"]
[EventDate "2019.07.27"]
[EventType "swiss"]
[EventCountry "GBR"]
[SourceTitle "playchess.com"]
[Source "ChessBase"]
[SourceQuality "1"]
[TimeControl "40/5400+30:1800+30"]

1. d4 Nf6 2. Nc3 d5 3. Bf4 e6 4. e3 Bd6 5. Nf3 Bxf4 6. exf4 O-O 7. Ne5 Nbd7 8. g4 c5 9. g5 Ne4 10. Nxe4 dxe4 11. c3 cxd4 12. Qxd4 f6 13. gxf6 Qxf6 14. Qxe4 Nxe5 15. Qxe5 Qxf4 16. Qxf4 Rxf4 17. Rd1 b6 1/2-1/2

[Event "106th British-ch Major 2019"]
[Site "Torquay"]
[Date "2019.07.29"]
[Round "3.33"]
[White "Gray, Edward"]
[Black "Miller, George I"]
[Result "1/2-1/2"]
[ECO "C54"]
[WhiteElo "1757"]
[BlackElo "1891"]
[Annotator "NA"]
[PlyCount "61"]
[EventDate "2019.07.27"]
[EventType "swiss"]
[EventCountry "GBR"]
[SourceTitle "playchess.com"]
[Source "ChessBase"]
[SourceQuality "1"]
[TimeControl "40/5400+30:1800+30"]

1. e4 e5 2. Nf3 Nc6 3. Bc4 Nf6 4. d3 Bc5 5. c3 a5 6. O-O d6 7. h3 h6 8. Nbd2 g5 9. Nb3 Bb6 10. Be3 g4 11. hxg4 Bxe3 12. fxe3 Bxg4 13. Qe1 a4 14. Nbd2 Na5 15. Bb5+ c6 16. Bxa4 b5 17. Bb3 Nxb3 18. Nxb3 Be6 19. Qh4 Ng4 20. Qxd8+ Kxd8 21. Rfe1 Kc7 22. Nh2 Nxe3 23. Rxe3 Bxb3 24. a3 Rag8 25. Nf3 Rg4 26. Kf2 Rhg8 27. Rg1 Kd7 28. g3 Be6 29. Nh4 Ke7 30. Rf3 R4g5 31. Rh1 1/2-1/2

[Event "106th British-ch Major 2019"]
[Site "Torquay"]
[Date "2019.07.29"]
[Round "3.34"]
[White "Tombolis, Christopher"]
[Black "Gogia, Armaan"]
[Result "1-0"]
[ECO "E99"]
[WhiteElo "1883"]
[BlackElo "1754"]
[Annotator "NA"]
[PlyCount "59"]
[EventDate "2019.07.27"]
[EventType "swiss"]
[EventCountry "GBR"]
[SourceTitle "playchess.com"]
[Source "ChessBase"]
[SourceQuality "1"]
[TimeControl "40/5400+30:1800+30"]

1. d4 Nf6 2. c4 g6 3. Nc3 Bg7 4. e4 d6 5. Nf3 O-O 6. Be2 e5 7. O-O Nc6 8. d5 Ne7 9. Ne1 Nd7 10. Be3 f5 11. f3 f4 12. Bf2 g5 13. Rc1 h5 14. b4 Nf6 15. c5 g4 16. cxd6 cxd6 17. Nb5 g3 18. hxg3 fxg3 19. Bxg3 Bh6 20. Nc7 Bxc1 21. Qxc1 Rb8 22. Qg5+ Kh7 23. f4 exf4 24. Bxf4 Neg8 25. Bxh5 Nxh5 26. Qxh5+ Kg7 27. Rf3 Rxf4 28. Ne8+ Qxe8 29. Qxe8 Rxf3 30. Nxf3 1-0

[Event "106th British-ch Major 2019"]
[Site "Torquay"]
[Date "2019.07.29"]
[Round "3.35"]
[White "Sanitt, Ethan"]
[Black "Ingham, H William"]
[Result "1-0"]
[ECO "D13"]
[WhiteElo "1752"]
[BlackElo "1854"]
[Annotator "NA"]
[PlyCount "81"]
[EventDate "2019.07.27"]
[EventType "swiss"]
[EventCountry "GBR"]
[SourceTitle "playchess.com"]
[Source "ChessBase"]
[SourceQuality "1"]
[TimeControl "40/5400+30:1800+30"]

1. c4 Nf6 2. g3 c6 3. Nc3 d5 4. cxd5 cxd5 5. d4 Nc6 6. Bg2 Bf5 7. Nf3 e6 8. a3 Be7 9. b4 Rc8 10. O-O O-O 11. Na4 h6 12. Bd2 Ne4 13. e3 b6 14. Rc1 Nd6 15. Qb3 Nc4 16. Bc3 Nb8 17. Nd2 Qd7 18. Rfe1 Nxd2 19. Bxd2 Rxc1 20. Bxc1 Rc8 21. Nc3 Bf6 22. b5 Rc4 23. Bf1 Rc7 24. a4 Qc8 25. Bb2 Nd7 26. Rc1 Be7 27. f3 Nf6 28. Ra1 g5 29. g4 Bg6 30. a5 Nd7 31. a6 h5 32. h3 hxg4 33. hxg4 Kg7 34. Re1 Qh8 35. Re2 Bd3 36. Rh2 Bc4 37. Bxc4 dxc4 38. Qc2 Qg8 39. Ne4 Kf8 40. Rh5 f6 41. Qh2 1-0

[Event "106th British-ch Major 2019"]
[Site "Torquay"]
[Date "2019.07.30"]
[Round "4.1"]
[White "Pollack, Oscar"]
[Black "Clarke, Brandon Gi"]
[Result "0-1"]
[ECO "B91"]
[WhiteElo "2088"]
[BlackElo "2433"]
[Annotator "ChessBase"]
[PlyCount "127"]
[EventDate "2019.07.27"]
[EventType "swiss"]
[EventCountry "GBR"]
[SourceTitle "playchess.com"]
[Source "ChessBase"]
[SourceQuality "1"]
[TimeControl "40/5400+30:1800+30"]

1. e4 c5 2. Nf3 d6 3. d4 cxd4 4. Nxd4 Nf6 5. Nc3 a6 6. g3 e5 7. Nb3 Be6 8. Bg2 Be7 9. O-O Nbd7 10. Re1 b5 11. a4 b4 12. Nd5 Nxd5 13. exd5 Bf5 14. Be3 O-O 15. a5 Bg5 16. Bf1 Bxe3 17. Rxe3 Qc7 18. c3 Qb7 19. cxb4 Nf6 20. Qd2 Rfb8 21. b5 axb5 22. Bg2 b4 23. Rc1 Bd7 24. Ra1 h6 25. Nc1 Qc7 26. Nb3 Rb5 27. Bf1 Rbb8 28. Ree1 Bb5 29. Rec1 Qd7 30. Bxb5 Rxb5 31. Rc6 Rxd5 32. Qc2 e4 33. a6 Qh3 34. a7 Ng4 35. f4 exf3 36. Rc8+ Rxc8 37. Qxc8+ Kh7 38. Qc2+ g6 39. a8=Q Rf5 40. Rf1 f2+ 41. Rxf2 Rxf2 42. Qxf2 Nxf2 43. Kxf2 Qf5+ 44. Qf3 Qc2+ 45. Kg1 Kg7 46. Qe3 Qxb2 47. Qd4+ Qxd4+ 48. Nxd4 f5 49. Kf2 Kf6 50. Ke3 Kg5 51. Kf3 Kf6 52. h4 Kf7 53. Ke3 Kf6 54. Kd3 g5 55. h5 g4 56. Kc4 Ke5 57. Nc6+ Ke4 58. Nxb4 f4 59. Nd3 fxg3 60. Ne1 Ke3 61. Kd5 Ke2 62. Ng2 Kf2 63. Nf4 g2 64. Nxg2 0-1

[Event "106th British-ch Major 2019"]
[Site "Torquay"]
[Date "2019.07.30"]
[Round "4.2"]
[White "Taylor, Adam A"]
[Black "Hagesather, Arne"]
[Result "1-0"]
[ECO "A07"]
[WhiteElo "2168"]
[BlackElo "2046"]
[Annotator "NA"]
[PlyCount "73"]
[EventDate "2019.07.27"]
[EventType "swiss"]
[EventCountry "GBR"]
[SourceTitle "playchess.com"]
[Source "ChessBase"]
[SourceQuality "1"]
[TimeControl "40/5400+30:1800+30"]

1. Nf3 d5 2. g3 Nf6 3. Bg2 g6 4. O-O Bg7 5. c4 d4 6. e3 c5 7. exd4 cxd4 8. b4 O-O 9. Bb2 Ng4 10. Re1 Re8 11. h3 Nh6 12. d3 e5 13. Nbd2 Na6 14. a3 Rb8 15. Ne4 f5 16. Neg5 Bf6 17. h4 Bd7 18. Rc1 Ng4 19. c5 Kg7 20. Qb3 Re7 21. Nh2 Nxh2 22. Kxh2 Qe8 23. f4 Ba4 24. Qa2 Rd8 25. fxe5 Bxe5 26. Nf3 Bc6 27. Qa1 Kg8 28. Nxe5 Bxg2 29. Bxd4 Bd5 30. Re3 g5 31. Rce1 Nc7 32. Ng4 fxg4 33. Rxe7 Qc6 34. Rg7+ Kf8 35. Rxg5 Bf3 36. Bf2 Ne6 37. Qf6+ 1-0

[Event "106th British-ch Major 2019"]
[Site "Torquay"]
[Date "2019.07.30"]
[Round "4.3"]
[White "Eames, Robert S"]
[Black "Ashworth, Michael"]
[Result "0-1"]
[ECO "E20"]
[WhiteElo "2136"]
[BlackElo "1957"]
[Annotator "NA"]
[PlyCount "62"]
[EventDate "2019.07.27"]
[EventType "swiss"]
[EventCountry "GBR"]
[SourceTitle "playchess.com"]
[Source "ChessBase"]
[SourceQuality "1"]
[TimeControl "40/5400+30:1800+30"]

1. d4 Nf6 2. c4 e6 3. Nc3 Bb4 4. f3 d5 5. a3 Be7 6. e4 dxe4 7. fxe4 e5 8. d5 Bc5 9. Nf3 Bg4 10. h3 Bxf3 11. Qxf3 Nbd7 12. Bd3 O-O 13. Bd2 a5 14. Ke2 Ne8 15. Raf1 Nd6 16. g4 Nb6 17. b3 Bxa3 18. Nb1 Bc5 19. Bc3 Qe7 20. Nd2 Nd7 21. h4 Bd4 22. Bxd4 exd4 23. Qf2 f5 24. gxf5 Nxf5 25. Qh2 Ne5 26. Qh3 Ne3 27. Rxf8+ Rxf8 28. Rg1 Rf2+ 29. Kxf2 Nxd3+ 30. Kg3 Qe5+ 31. Kf3 Qf6+ 0-1

[Event "106th British-ch Major 2019"]
[Site "Torquay"]
[Date "2019.07.30"]
[Round "4.4"]
[White "Lentzos, Ioanis"]
[Black "Rogacewicz, Mikolaj"]
[Result "0-1"]
[ECO "C06"]
[WhiteElo "2043"]
[BlackElo "1925"]
[Annotator "NA"]
[PlyCount "110"]
[EventDate "2019.07.27"]
[EventType "swiss"]
[EventCountry "GBR"]
[SourceTitle "playchess.com"]
[Source "ChessBase"]
[SourceQuality "1"]
[TimeControl "40/5400+30:1800+30"]

1. e4 e6 2. d4 d5 3. Nd2 Nf6 4. e5 Nfd7 5. Bd3 c5 6. c3 Nc6 7. Ne2 cxd4 8. cxd4 f6 9. exf6 Nxf6 10. O-O Bd6 11. Nf3 Qc7 12. Nc3 a6 13. Bd2 O-O 14. Rc1 Bd7 15. Re1 Ng4 16. Bxh7+ Kh8 17. g3 Be8 18. Rxe6 Nxf2 19. Kxf2 Bh5 20. Nxd5 Bxf3 21. Nxc7 Bxd1+ 22. Ke1 Bxc7 23. d5 Bg4 24. Bg6 Bxe6 25. dxe6 Rae8 26. Bxe8 Rxe8 27. Rc4 Rxe6+ 28. Kf1 Kg8 29. a4 Kf7 30. b4 Re5 31. Bc3 Rd5 32. Ke2 Rh5 33. Ke3 Rxh2 34. b5 Bb6+ 35. Kd3 axb5 36. axb5 Ne7 37. Rf4+ Kg8 38. Rg4 Nf5 39. Rg5 Rf2 40. Be5 Bd8 41. Rg4 Kf7 42. Rc4 Nxg3 43. Bc7 Ke8 44. Ke3 Re2+ 45. Kf3 Bxc7 46. Rxc7 Re7 47. Rc5 Ne4 48. Rd5 Nf6 49. Rc5 Kd7 50. Kf4 Kd6 51. Rc8 Nd5+ 52. Kf5 Nc7 53. b6 Nd5 54. Rd8+ Rd7 55. Re8 Nxb6 0-1

[Event "106th British-ch Major 2019"]
[Site "Torquay"]
[Date "2019.07.30"]
[Round "4.5"]
[White "Barton, R Alan"]
[Black "Turner, Max N"]
[Result "0-1"]
[ECO "D04"]
[WhiteElo "1941"]
[BlackElo "2026"]
[Annotator "NA"]
[PlyCount "136"]
[EventDate "2019.07.27"]
[EventType "swiss"]
[EventCountry "GBR"]
[SourceTitle "playchess.com"]
[Source "ChessBase"]
[SourceQuality "1"]
[TimeControl "40/5400+30:1800+30"]

1. Nf3 d5 2. d4 Nf6 3. e3 c5 4. b3 cxd4 5. exd4 Nc6 (5... g6 6. Bb2 Bg7 7. Nbd2 O-O 8. Bd3 Nc6 9. a3 Nh5 10. O-O Nf4 11. Bb5 Bg4 12. h3 Bh5 13. Bxc6 bxc6 14. Re1 c5 15. Qc1 c4 16. Re3 {0-1 (46) Mamedyarov,S (2808)-Aronian,L (2764) Leuven 2018}) 6. a3 {[%emt 0:04:33] D04: Colle System} Bg4 7. Be2 e6 8. O-O Bd6 9. Bb2 O-O 10. Ne5 $146 ({Predecessor:} 10. Nbd2 h6 11. h3 Bf5 12. Re1 Rc8 13. c4 Bb8 14. c5 Ne4 15. Nf1 {0-1 (70) Hummel,T (1734)-Hoeller,A (2060) Augsburg 2011}) 10... Bxe2 11. Qxe2 a5 12. Nd2 a4 13. Nxc6 bxc6 14. b4 Bf4 15. Nf3 Ne4 16. g3 Bc7 17. c4 f5 18. Ne5 Bxe5 19. dxe5 Ng5 20. f3 Qb6+ 21. Kg2 Rad8 22. c5 Qb7 23. Bd4 Rb8 24. Qc2 Qb5 25. h4 Nf7 26. Rf2 Rbd8 27. h5 Qc4 28. Qd1 g6 29. Rc1 Qb5 30. Qd2 Kg7 31. Rh1 Rg8 32. g4 Kf8 33. hxg6 hxg6 34. Rh7 Rg7 35. Rxg7 Kxg7 36. Kg1 Qc4 37. Rg2 Rg8 38. Qe3 Kf8 39. Rh2 Rg7 40. Qc3 Qxc3 41. Bxc3 Ng5 42. Rh8+ Ke7 43. gxf5 gxf5 44. Kf2 Rh7 45. Rg8 Rh2+ 46. Kg3 Rc2 47. Bd4 Nf7 48. Ra8 Rc4 49. Ra7+ Ke8 50. Ra8+ Ke7 51. Ra7+ Kf8 52. Ra8+ Kg7 53. Bb2 $11 Rc2 54. Bd4 Rd2 55. Be3 Rd3 56. Bc1 Rc3 57. Bb2 Rb3 58. Bc1 Nxe5 59. Rxa4 Nxf3 60. Kf4 Kf6 61. Ra8 Ne5 62. Rf8+ Nf7 63. Rxf7+ Kxf7 64. Ke5 Ke7 65. Bd2 Rxa3 66. b5 Ra4 67. Bb4 Rxb4 68. bxc6 Re4# {[%emt 0:00:40] Kd4} 0-1

[Event "106th British-ch Major 2019"]
[Site "Torquay"]
[Date "2019.07.30"]
[Round "4.6"]
[White "Graham, David B"]
[Black "Pink, Joshua"]
[Result "1-0"]
[ECO "B11"]
[WhiteElo "2162"]
[BlackElo "1907"]
[Annotator "NA"]
[PlyCount "97"]
[EventDate "2019.07.27"]
[EventType "swiss"]
[EventCountry "GBR"]
[SourceTitle "playchess.com"]
[Source "ChessBase"]
[SourceQuality "1"]
[TimeControl "40/5400+30:1800+30"]

1. e4 c6 2. Nc3 d5 3. Nf3 Bg4 4. h3 Bxf3 5. Qxf3 e6 6. d4 Nf6 7. Bg5 Be7 8. e5 Ne4 9. Bxe7 Qxe7 10. Nxe4 dxe4 11. Qe2 O-O 12. O-O-O c5 13. Qxe4 cxd4 14. Bd3 g6 15. h4 Nc6 16. h5 Nb4 17. a3 Nxd3+ 18. Rxd3 Rac8 19. Rxd4 Rfd8 20. Rxd8+ Rxd8 21. h6 Rd5 22. Qe3 b6 23. Rd1 Rxd1+ 24. Kxd1 Kf8 25. g3 Ke8 26. Qf4 Qd7+ 27. Kc1 Qd5 28. b3 b5 29. Kb2 a6 30. f3 Qc5 31. Qe4 Qb6 32. g4 a5 33. f4 b4 34. Qc4 Ke7 35. a4 Qe3 36. Qc7+ Ke8 37. Qc8+ Ke7 38. Qc7+ Ke8 39. Qxa5 Qxf4 40. Qb5+ Kd8 41. Qc5 Qxg4 42. a5 Qe2 43. Qf8+ Kc7 44. Qxf7+ Kb8 45. Qxe6 Qe3 46. Qg8+ Ka7 47. Qxh7+ Ka6 48. Qc7 Qd4+ 49. Ka2 1-0

[Event "106th British-ch Major 2019"]
[Site "Torquay"]
[Date "2019.07.30"]
[Round "4.7"]
[White "Modi, Kishan Jagdish"]
[Black "Ethelontis, Alexandros N"]
[Result "1/2-1/2"]
[ECO "B07"]
[WhiteElo "1923"]
[BlackElo "2154"]
[Annotator "ChessBase"]
[PlyCount "37"]
[EventDate "2019.07.27"]
[EventType "swiss"]
[EventCountry "GBR"]
[SourceTitle "playchess.com"]
[Source "ChessBase"]
[SourceQuality "1"]
[TimeControl "40/5400+30:1800+30"]

1. d4 Nf6 2. Nf3 g6 3. Nbd2 Bg7 4. e4 d6 5. Bd3 O-O 6. O-O Nbd7 7. Re1 e5 8. c3 b6 9. a4 a6 10. Nf1 Re8 11. Ng3 Bb7 12. h4 d5 13. dxe5 Nxe4 14. Nxe4 dxe4 15. Bxe4 Bxe4 16. Rxe4 Nxe5 17. Bg5 Qc8 18. Nxe5 Bxe5 19. Qe2 1/2-1/2

[Event "106th British-ch Major 2019"]
[Site "Torquay"]
[Date "2019.07.30"]
[Round "4.8"]
[White "Brown, Tom"]
[Black "Price, Gwilym"]
[Result "1/2-1/2"]
[ECO "C18"]
[WhiteElo "1953"]
[BlackElo "2138"]
[Annotator "ChessBase"]
[PlyCount "40"]
[EventDate "2019.07.27"]
[EventType "swiss"]
[EventCountry "GBR"]
[SourceTitle "playchess.com"]
[Source "ChessBase"]
[SourceQuality "1"]
[TimeControl "40/5400+30:1800+30"]

1. e4 e6 2. d4 d5 3. Nc3 Bb4 4. e5 c5 5. a3 Bxc3+ 6. bxc3 Ne7 7. Qg4 Kf8 8. a4 Qc7 9. Nf3 cxd4 10. Qxd4 Nbc6 11. Qc5 b6 12. Qd6 Qxd6 13. exd6 Ng6 14. Ba3 Bd7 15. O-O-O Na5 16. h4 h5 17. Bb4 Nc6 18. Ba3 Na5 19. Bb4 Nc6 20. Ba3 Nge5 1/2-1/2

[Event "106th British-ch Major 2019"]
[Site "Torquay"]
[Date "2019.07.30"]
[Round "4.9"]
[White "Sugden, John N"]
[Black "Garnett, John S"]
[Result "1/2-1/2"]
[ECO "A52"]
[WhiteElo "2068"]
[BlackElo "1885"]
[Annotator "NA"]
[PlyCount "53"]
[EventDate "2019.07.27"]
[EventType "swiss"]
[EventCountry "GBR"]
[SourceTitle "playchess.com"]
[Source "ChessBase"]
[SourceQuality "1"]
[TimeControl "40/5400+30:1800+30"]

1. d4 Nf6 2. c4 e5 3. dxe5 Ng4 4. Bf4 Nc6 5. Nf3 Bb4+ 6. Nbd2 Qe7 7. a3 Ngxe5 8. Nxe5 Nxe5 9. e3 Bc5 10. Be2 d6 11. O-O O-O 12. Nb3 Bb6 13. Nd4 Re8 14. Bg3 Bd7 15. h3 Nc6 16. Nxc6 Bxc6 17. Bf3 Bxf3 18. Qxf3 Qe4 19. Qxe4 Rxe4 20. Rfc1 a5 21. b4 axb4 22. axb4 Rxa1 23. Rxa1 h6 24. Rc1 Re7 25. Kf1 Kf8 26. Ke2 Rd7 27. Kd3 1/2-1/2